 Dungeon Sprint DCSS version 0.27-a0-1113-gb2b6fe9c5e (webtiles) character file.

Game seed: 13526346090742517735

1761 Conn the Arsonist (level 9, -7/53 HPs)
             Began as an Octopode Fire Elementalist on May 1, 2021.
             Was a Priest of Sif Muna.
             Shot with a bolt by a yaktaur captain (28 damage)
             ... in the Dungeon (Sprint II: "The Violet Keep of Menkaure").
             The game lasted 00:13:32 (787 turns).

Conn the Arsonist (Octopode Fire Elementalist)       Turns: 787, Time: 00:13:33

Health: -7/53      AC:  1    Str:  7    XL:     9   Next: 7%
Magic:  13/23      EV: 15    Int: 20    God:    Sif Muna [***...]
Gold:   729        SH:  0    Dex: 13    Spells: 13/29 levels left

rFire    . . .     SeeInvis .   (no weapon)
rCold    . . .     Faith    .   (no shield)
rNeg     . . .     Spirit   .   (helmet restricted)
rPois    .         Reflect  .   (no amulet)
rElec    .         Harm     .   (no ring)
rCorr    .         Rampage  .   (no ring)
Will     .....     NoTele   +   (no ring)
Stlth    ++++++....             (no ring)
HPRegen  0.17/turn              (no ring)
MPRegen  0.18/turn              (no ring)
                                (no ring)
                                (no ring)

@: no status effects
A: almost no armour, amphibious, 8 rings, camouflage 1, gelatinous body 1,
nimble swimmer 1, tentacles
a: Renounce Religion, Channel Magic, Forget Spell


You were in the Dungeon.
You worshipped Sif Muna.
Sif Muna was most pleased with you.
You visited 1 branch You collected 729 gold pieces.

Inventory:

Potions
 b - a potion of curing
 c - a potion of heal wounds
 e - a potion of magic


   Skills:
 + Level 1.0 Fighting
 + Level 5.9 Dodging
 + Level 8.4 Stealth
 * Level 10.6 Spellcasting
 * Level 8.3 Conjurations
 + Level 0.2 Hexes
 + Level 11.3 Fire Magic
 * Level 3.2 Invocations


You had 13 spell levels left.
You knew the following spells:

 Your Spells              Type           Power      Damage    Failure   Level
a - Foxfire               Conj/Fire      100%       2x1d9     1%          1
b - Conjure Flame         Conj/Fire      50%        6-21      1%          3
c - Inner Flame           Hex/Fire       33%        N/A       1%          3
d - Sticky Flame          Conj/Fire      50%        2d7       1%          4
e - Fireball              Conj/Fire      25%        3d11      3%          5

Your spell library contained the following spells:

 Spells                   Type           Power      Damage    Failure   Level


Dungeon Overview and Level Annotations

Branches:
Dungeon (1/1)

Altars:
Cheibriados
Dithmenos
Elyvilon
Fedhas
Gozag
Hepliaklqana
Kikubaaqudgha
Makhleb
Nemelex Xobeh
Okawaru
Qazlal
Ru
Sif Muna
Trog
Uskayaw
Vehumet
Wu Jian
Xom
Yredelemnul
Zin
The Shining One
Beogh
Jiyva
Lugonu

Shops:
D *!(=:[![(*

Annotations:
D Kirke


Innate Abilities, Weirdness & Mutations

You cannot wear most types of armour.
You are amphibious.
You can wear up to eight rings at the same time.
Your skin changes colour to match your surroundings (Stealth+).
Your rubbery body absorbs attacks. (AC +1, EV +1)
You are camouflaged near water. (Stealth+)
You have tentacles for arms and can constrict up to eight enemies at once.


Message History

Confirm with . or Enter, or press ? or * to list all spells.
Aiming: Inner Flame (safe; 1% risk of failure)
Press: ? - help, Shift-Dir - straight line, f - yaktaur captain
Aim: a yaktaur captain, quivering bolts (steam, ally target, chance to affect: 58%)
Okay, then.
The foxfire hits the yaktaur captain.
The yaktaur captain is lightly wounded.
The yaktaur captain is engulfed in a cloud of scalding steam.
The yaktaur captain wields a +0 arbalest.
The yaktaur captain shoots a bolt.
The bolt barely misses you.
You hear an angry growl.
Casting: Inner Flame (safe; 1% risk of failure)
Confirm with . or Enter, or press ? or * to list all spells.
Aiming: Fireball (dangerous; 3% risk of failure)
Press: ? - help, Shift-Dir - straight line, f - yaktaur captain
Aim: a yaktaur captain, wielding a +0 arbalest and quivering bolts (steam, lightly wounded)
The fireball explodes!
The fireball engulfs the yaktaur captain.
The yaktaur captain is lightly wounded.
You hear a hideous shriek!
The yaktaur captain is engulfed in a cloud of scalding steam.
The yaktaur captain shoots a bolt.
The bolt hits you!!
Ouch! That really hurt!
Okay, then.
Unknown command.
Casting: Fireball (dangerous; 3% risk of failure)
Confirm with . or Enter, or press ? or * to list all spells.
Okay, then.
Casting: Fireball (dangerous; 3% risk of failure)
Confirm with . or Enter, or press ? or * to list all spells.
Aiming: Fireball (dangerous; 3% risk of failure)
Press: ? - help, Shift-Dir - straight line, f/p - yaktaur captain
Aim: a yaktaur captain, wielding a +0 arbalest and quivering bolts (steam, lightly wounded)
The fireball explodes!
The fireball engulfs the yaktaur captain!
The yaktaur captain is moderately wounded.
The yaktaur captain is engulfed in a cloud of scalding steam.
The yaktaur captain shoots a bolt.
The bolt hits you!!
Ouch! That really hurt!
You die...

####+#### ##≈≈≈°○°§##
##°§§○≈≈°°○## ###
+○○≈§§8§≈○○○#
#...####○≈○○○°≈○○
#.....≈##≈≈°○○○
########)≈#+++#+++##
#######≈≈≈.........#
.....Y#≈≈≈@.##'##..#
....∩.#≈≈≈≈###.###.#### .
...∩.h#≈≈≈≈#..#..#....# .
∩.∩.∩.#≈≈####.#.####..## #
.∩.∩..#§##. ##+###.##..# +
..∩...#c#$B.##.##...#..# #
.⌠....'≈+ #+.<.'##§'..####
......#≈#.B.##z##...#..§.##
▓▓▓▓###≈##. ##§###.##....†.


You could see a yaktaur captain, an elephant and a polar bear.

Vanquished Creatures
  A centaur warrior (D)
  A kobold demonologist (D)
  A vampire mosquito (D)
  A water moccasin (D)
  4 necrophages (D)
  4 scorpions (D)
  3 worms (D)
15 creatures vanquished.

Vanquished Creatures (others)
  Menkaure (D)
  A water moccasin (D)
  47 foxfires (D)
49 creatures vanquished.

Grand Total: 64 creatures vanquished

Notes
Turn   | Place    | Note
-------+----------+-------------------------------------------
     0 | D        | Conn the Octopode Fire Elementalist began the quest for the
                  | Orb.
     0 | D        | Reached XP level 1. HP: 11/11 MP: 3/3
     1 | D        | Noticed a boulder beetle
     1 | D        | Noticed a boulder beetle
     7 | D        | Noticed a necrophage
     7 | D        | Noticed a necrophage
     7 | D        | Noticed a necrophage
     7 | D        | Noticed a necrophage
    15 | D        | Killed Menkaure
    19 | D        | Killed a necrophage
    20 | D        | Reached skill level 5 in Fire Magic
    20 | D        | Reached XP level 2. HP: 17/17 MP: 1/7
    20 | D        | Reached XP level 3. HP: 21/21 MP: 1/8
    20 | D        | Reached XP level 4. HP: 27/27 MP: 1/10
    22 | D        | Killed a water moccasin
    26 | D        | Killed a necrophage
    27 | D        | Reached skill level 5 in Stealth
    27 | D        | Reached skill level 5 in Spellcasting
    27 | D        | Reached skill level 7 in Fire Magic
    27 | D        | Reached XP level 5. HP: 31/31 MP: 2/13
    33 | D        | Killed a necrophage
    34 | D        | Reached skill level 5 in Conjurations
    34 | D        | Reached skill level 8 in Fire Magic
    34 | D        | Reached XP level 6. HP: 36/36 MP: 2/15
    40 | D        | Killed a necrophage
    54 | D        | Learned a level 3 spell: Conjure Flame
    58 | D        | Learned a level 3 spell: Inner Flame
    63 | D        | Learned a level 4 spell: Sticky Flame
    69 | D        | Learned a level 5 spell: Fireball
    76 | D        | Found an iron altar of Okawaru.
    76 | D        | Found an opulent altar of Gozag.
    77 | D        | Found a sparkling altar of Nemelex Xobeh.
    77 | D        | Found a blossoming altar of Fedhas.
    78 | D        | Found a radiant altar of Vehumet.
    78 | D        | Found a burning altar of Makhleb.
    78 | D        | Found a white marble altar of Elyvilon.
    79 | D        | Found a hide-covered altar of Uskayaw.
    79 | D        | Found a corrupted altar of Lugonu.
    79 | D        | Found a shadowy altar of Dithmenos.
    80 | D        | Found a glowing silver altar of Zin.
    80 | D        | Found a bloodstained altar of Trog.
    80 | D        | Found an ancient bone altar of Kikubaaqudgha.
    81 | D        | Found a basalt altar of Yredelemnul.
    81 | D        | Found a shimmering blue altar of Sif Muna.
    81 | D        | Found a viscous altar of Jiyva.
    81 | D        | Found a snail-covered altar of Cheibriados.
    82 | D        | Found a shimmering altar of Xom.
    82 | D        | Found a sacrificial altar of Ru.
    84 | D        | Found a glowing golden altar of the Shining One.
    84 | D        | Found an ornate altar of the Wu Jian Council.
    84 | D        | Found a stormy altar of Qazlal.
    84 | D        | Found a hazy altar of Hepliaklqana.
    88 | D        | Noticed a water moccasin
    89 | D        | Noticed a water moccasin
    92 | D        | Became a worshipper of Sif Muna the Loreminder
   113 | D        | Noticed a water moccasin
   125 | D        | Killed a water moccasin
   126 | D        | Reached skill level 9 in Fire Magic
   126 | D        | Reached XP level 7. HP: 34/41 MP: 8/17
   142 | D        | Noticed an obsidian statue
   145 | D        | Found Nefyt's Weapon Shoppe.
   145 | D        | Found Galy's Assorted Antiques.
   146 | D        | Found Cujuphie's Distillery.
   146 | D        | Found Ajoupp's Antique Armour Emporium.
   147 | D        | Found Gemm's Book Shoppe.
   147 | D        | Found Ruoram's Armour Emporium.
   148 | D        | Found Vumeagin's Antique Weapon Shoppe.
   148 | D        | Found Hekitt's Jewellery Emporium.
   149 | D        | Found Watt's Distillery.
   150 | D        | Found Vecaggiw's Assorted Antiques.
   150 | D        | Noticed a great orb of eyes
   158 | D        | Noticed a flying skull
   159 | D        | Noticed a flying skull
   160 | D        | Noticed a flying skull
   160 | D        | Noticed a flying skull
   160 | D        | Noticed a flying skull
   160 | D        | Noticed a flying skull
   160 | D        | Noticed a flying skull
   161 | D        | Noticed a flying skull
   161 | D        | Noticed a flying skull
   161 | D        | Noticed a flying skull
   161 | D        | Noticed a flying skull
   161 | D        | Noticed a flying skull
   170 | D        | Noticed a vampire mosquito
   176 | D        | Killed a vampire mosquito
   177 | D        | Reached skill level 5 in Dodging
   199 | D        | Reached * piety under Sif Muna
   266 | D        | Reached ** piety under Sif Muna
   275 | D        | Reached skill level 10 in Fire Magic
   478 | D        | Noticed Kirke
   478 | D        | Noticed a yaktaur captain
   478 | D        | Noticed a kobold demonologist
   478 | D        | Noticed a centaur warrior
   480 | D        | Noticed an elephant
   481 | D        | Killed a kobold demonologist
   481 | D        | Reached *** piety under Sif Muna
   482 | D        | Reached XP level 8. HP: 46/46 MP: 6/21
   513 | D        | Killed a centaur warrior
   514 | D        | Reached skill level 1 in Fighting
   514 | D        | Reached skill level 10 in Spellcasting
   514 | D        | Reached skill level 11 in Fire Magic
   514 | D        | Reached XP level 9. HP: 10/53 MP: 9/23
   781 | D        | Noticed a polar bear
   787 | D        | Shot with a bolt by a yaktaur captain

Illustrated notes

Levels and vault maps discovered:
D:        the_violet_keep_of_menkaure [sprint2_stairs_cluster_1,
          sprint2_shoproom, sprint2_temple, sprint2_basic_supplies,
          sprint2_obstacle_1, sprint2_obstacle_5, sprint2_obstacle_3,
          sprint2_obstacle_4, sprint2_obstacle_2, sprint2_timed_cluster_1,
          sprint2_smallroom_cluster_1, sprint2_smallroom_final_cluster_1,
          sprint2_transparent_cluster_1, sprint2_second_timed_cluster_1,
          sprint2_sniper_area_1, sprint2_heavy_combat_area_1,
          sprint2_mutation_trap_area_1, sprint2_forest_area_1,
          sprint2_light_combat_area_1, sprint2_behind_water_1,
          sprint2_near_end_vault_1]

Skill      XL: |  1  2  3  4  5  6  7  8 |
---------------+-------------------------+-----
Dodging        | 3 4 5 |  5.9
Stealth        | 4 5 6 7 8 |  8.4
Spellcasting   | 4 5 6 7 9 10 | 10.6
Conjurations   | 3 4 5 6 7 8 |  8.3
Fire Magic     | 5 7 8 9 10 11 | 11.3
Fighting       | 1 |  1.0
Invocations    | 3 |  3.2
Hexes          | |  0.2

Action                   |  1- 3 |  4- 6 |  7- 9 || total
-------------------------+-------+-------+-------++-------
Melee: Unarmed           |     4 |    20 |     4 ||    28
       Tentacles         |     1 |     6 |     3 ||    10
       Constrict         |     1 |     3 |       ||     4
 Cast: Foxfire           |     2 |     4 |    21 ||    27
       Conjure Flame     |       |     1 |     4 ||     5
       Sticky Flame      |       |       |     8 ||     8
       Fireball          |       |       |     5 ||     5
       Inner Flame       |       |       |     1 ||     1
  Use: Potion            |     2 |       |     1 ||     3
       Scroll            |       |       |     1 ||     1
Armor: Skin              |       |     1 |     2 ||     3
Dodge: Dodged            |     2 |     7 |    18 ||    27

Table legend: (Time is in decaauts)
 A = Elapsed time spent in this place.
 B = Non-inter-level travel time spent in this place.
 C = Inter-level travel time spent in this place.
 D = Time resting spent in this place.
 E = Time spent auto-exploring this place.
 F = Levels seen in this place.
 G = Mean time per level.
                   A        B        C        D        E       F      G
               +--------+--------+--------+--------+--------+-----+--------+
         Total |    780 |    780 |      0 |    387 |      0 |   1 |  780.0 |
       Dungeon |    780 |    780 |      0 |    387 |      0 |   1 |  780.0 |
               +--------+--------+--------+--------+--------+-----+--------+

Top non-repeatable levels by time:
       D: 780 daAuts
